 Dungeon Crawl Stone Soup version 0.22.1-1-ga44c0e5 (webtiles) character file.

5793 topirishpotato the Blocker (level 10, -2/84 HPs)
             Began as a Deep Dwarf Fighter on Sept 26, 2018.
             Splashed by an oklob plant's acid (13 damage)
             ... on level 8 of the Dungeon.
             The game lasted 00:21:38 (6592 turns).

topirishpotato the Blocker (Deep Dwarf Fighter)     Turns: 6592, Time: 00:21:41

Health: -2/84      AC: 12    Str: 20    XL:     10   Next: 50%
Magic:  7/7        EV: 13    Int:  9    God:
Gold:   148        SH: 12    Dex: 11    Spells: 9/9 levels left

rFire    + + +     SeeInvis .   j - +2 dagger (venom)
rCold    . . .     Gourm    .   c - +0 shield
rNeg     + + +     Faith    .   y - +5 ring mail of Resourcefulness {rF+++ rN+++ Str-4 Dex-4}
rPois    .         Spirit   .   k - +0 helmet
rElec    .         Reflect  .   (no cloak)
rCorr    .         Harm     .   v - +0 pair of gloves
MR       +....                  p - +1 pair of boots
Stlth    +++.......             (no amulet)
HPRegen  0.00/turn              r - ring of stealth
MPRegen  0.10/turn              B - +4 ring of strength

@: corroded, very slightly contaminated, non-regenerating
A: damage resistance, heal wounds, sense surroundings 2, no regeneration
a: Heal Wounds


You were on level 8 of the Dungeon.
You were hungry.

You visited 1 branch of the dungeon, and saw 8 of its levels.

You collected 445 gold pieces.
You spent 297 gold pieces at shops.

Inventory:

Hand Weapons
 d - a +3 great sword of freezing
 j - a +2 dagger of venom (weapon)
Missiles
 t - 4 steel tomahawks (quivered)
Armour
 c - a +0 shield (worn)
 k - a +0 helmet (worn)
 p - a +1 pair of boots (worn)
 v - a +0 pair of gloves (worn)
 y - the +5 ring mail of Resourcefulness (worn) {rF+++ rN+++ Str-4 Dex-4}
   (You bought it in a shop on level 5 of the Dungeon)

   It affects your strength (-4).
   It affects your dexterity (-4).
   It renders you almost immune to fire.
   It renders you almost immune to negative energy.
Jewellery
 r - a ring of stealth (left hand)
 z - an uncursed ring of ice
 B - a +4 ring of strength (right hand)
 G - an uncursed ring of positive energy
Wands
 g - a wand of enslavement (19)
 n - a wand of paralysis (17)
 w - a wand of flame (4)
Scrolls
 a - 2 scrolls of remove curse
 b - a scroll of enchant weapon
 h - 2 scrolls of blinking
 o - 2 scrolls of teleportation
 A - a scroll of fear
 E - 2 scrolls of amnesia
 F - a scroll of magic mapping {unknown}
Potions
 e - 7 potions of curing
 i - a potion of resistance
 q - a potion of magic
 s - a potion of brilliance
 x - a potion of agility {unknown}
 C - 2 potions of lignification
 I - a potion of degeneration {unknown}
Comestibles
 f - 12 rations


   Skills:
 - Level 3.0 Fighting
 - Level 1.6(2.1) Short Blades
 - Level 2.0(2.3) Long Blades
 - Level 8.0 Armour
 + Level 5.8 Dodging
 - Level 6.0 Stealth
 + Level 12.4 Shields
 - Level 6.0 Evocations


You had 9 spell levels left.
You didn't know any spells.
Your spell library was empty.

Dungeon Overview and Level Annotations

Branches:
Dungeon (8/15)
 Temple: D:4-7         Lair: D:8-11

Altars:
Kikubaaqudgha
Okawaru

Shops:
D:5 [

Annotations:
D:8 exclusion: oklob plant


Innate Abilities, Weirdness & Mutations

You are resistant to damage.
You can heal yourself by infusing magical energy.
You passively map the area around you.
You do not regenerate.


Message History

The oklob plant is severely damaged.
The oklob plant spits acid at you. You block the splash of acid.
You hit the oklob plant but do no damage.
The oklob plant is severely damaged.
You hit the oklob plant but do no damage.
The oklob plant is severely damaged.
You hit the oklob plant but do no damage.
The oklob plant looks as sick as possible!
The oklob plant is almost destroyed.
The oklob plant spits acid at you. The splash of acid hits you!
You are splashed with acid!
The acid burns!
* * * LOW HITPOINT WARNING * * *
You hit the oklob plant but do no damage.
The oklob plant is almost destroyed.
The oklob plant spits acid at you. The splash of acid hits you!
* * * LOW HITPOINT WARNING * * *
You are splashed with acid!
The acid burns!
You die...

* ** ### * ,###......?.###
#..............## ##### *
#...............## ##.#.#
#................####.#.#.
#.......PPP..........#.#.# ,
#......PPPP......>....#.#.
*#.....PPP:PPP.....#..#.#.# *
#.....PPP@>P......#...#.#.
#......P.P(..(....#.##.#.# *
#......PP?PP......#.#.#.#. ,
#.......PPPP......####.#.#
#............(....##..#.#.
*,*##.............?.....#.#.#
* #...............###..#.#.
##..................#.#.# ,*
###.................#.#.


You could see an oklob plant.

Vanquished Creatures
  A two-headed ogre (D:6)
  3 oklob plants (D:8)
  A hippogriff (D:8)
  A wyvern (D:8)
  4 hogs (D:7)
  A human (D:7)
  A hungry ghost (D:7)
  An orc warrior (D:8)
  2 ice beasts
  A hornet zombie (D:6)
  A sky beast (D:8)
  2 necrophages
  2 ogres
  2 centaurs
  A crocodile (D:8)
  4 bullfrogs
  A gnoll sergeant (D:5)
  A water moccasin zombie (D:5)
  A scorpion (D:8)
  4 wights
  2 electric eels (D:3)
  A crimson imp (D:6)
  2 bullfrog zombies (D:7)
  A quasit (D:6)
  A centaur zombie (D:7)
  A hound (D:3)
  4 orc priests
  4 jellies
  2 centaur skeletons
  A gnoll shaman (D:4)
  3 orc wizards
  6 worker ants
  Terence (D:3)
  A hound skeleton (D:4)
  A worker ant zombie (D:8)
  Robin (D:2)
  12 gnolls
  11 adders
  A shadow imp (D:7)
  3 oozes
  A worm (D:4)
  2 adder zombies
  2 dart slugs (D:1)
  8 leopard geckos
  17 orcs
  10 bats
  A bat zombie (D:7)
  7 giant cockroaches
  20 goblins
  10 hobgoblins
  6 jackals
  2 quokkas
  A ball python (D:1)
  3 frilled lizards
  9 kobolds
  2 quokka zombies
  9 rats
  A rat zombie (D:7)
205 creatures vanquished.

Notes
Turn   | Place    | Note
-------+----------+-------------------------------------------
     0 | D:1      | topirishpotato the Deep Dwarf Fighter began the quest for
                  | the Orb.
     0 | D:1      | Reached XP level 1. HP: 20/20 MP: 1/1
    34 | D:1      | Reached XP level 2. HP: 22/27 MP: 2/2
   256 | D:1      | Reached XP level 3. HP: 26/34 MP: 3/3
   545 | D:2      | Reached skill level 4 in Shields
   636 | D:2      | Reached skill level 1 in Dodging
   765 | D:2      | Reached XP level 4. HP: 22/42 MP: 4/4
   819 | D:2      | Noticed Robin
   850 | D:2      | Killed Robin
  1149 | D:2      | Reached XP level 5. HP: 30/49 MP: 5/5
  1523 | D:3      | Noticed a necrophage
  1570 | D:3      | Killed a necrophage
  1570 | D:3      | Reached skill level 1 in Short Blades
  1593 | D:3      | Noticed Terence
  1609 | D:3      | Killed Terence
  1609 | D:3      | Reached skill level 1 in Stealth
  1613 | D:3      | Reached XP level 6. HP: 51/56 MP: 5/5
  2018 | D:3      | Found a transporter.
  2047 | D:3      | Found a transporter.
  2091 | D:3      | Reached skill level 1 in Evocations
  2402 | D:4      | Found an iron altar of Okawaru.
  2549 | D:4      | Reached skill level 5 in Stealth
  2549 | D:4      | Reached XP level 7. HP: 24/62 MP: 7/7
  3151 | D:5      | Entered Level 5 of the Dungeon
  3452 | D:5      | Reached skill level 5 in Evocations
  3626 | D:5      | Found Peant's Antique Armour Shop.
  3634 | D:5      | Bought a faintly humming ring mail for 297 gold pieces
  3644 | D:5      | Identified the +5 ring mail of Resourcefulness {rF+++ rN+++
                  | Str-4 Dex-4} (You bought it in a shop on level 5 of the
                  | Dungeon)
  3658 | D:5      | You fall through a shaft!
  4114 | D:6      | Reached XP level 8. HP: 37/69 MP: 8/8
  4240 | D:6      | Reached skill level 5 in Shields
  4531 | D:6      | Noticed a two-headed ogre
  4564 | D:6      | Killed a two-headed ogre
  4564 | D:6      | Reached skill level 7 in Shields
  4566 | D:6      | Gained mutation: You passively map the area around you.
                  | [Deep Dwarf growth]
  4566 | D:6      | Reached XP level 9. HP: 29/75 MP: 9/9
  4607 | D:6      | Reached skill level 8 in Shields
  5122 | D:7      | Found an ancient bone altar of Kikubaaqudgha.
  5243 | D:7      | Reached skill level 9 in Shields
  5682 | D:7      | Reached skill level 10 in Shields
  5829 | D:8      | Reached skill level 11 in Shields
  5829 | D:8      | Reached XP level 10. HP: 58/84 MP: 8/8
  6178 | D:8      | Noticed an oklob plant
  6335 | D:8      | Noticed an oklob plant
  6434 | D:8      | Noticed an oklob plant
  6436 | D:8      | Noticed an oklob plant
  6457 | D:8      | Killed an oklob plant
  6457 | D:8      | Reached skill level 5 in Dodging
  6471 | D:8      | Killed an oklob plant
  6471 | D:8      | Reached skill level 12 in Shields
  6489 | D:8      | Killed an oklob plant
  6592 | D:8      | Splashed by an oklob plant's acid

Skill      XL: |  1  2  3  4  5  6  7  8  9 10 |
---------------+-------------------------------+-----
Fighting       | 3 |  3.0
Armour         | 4 6 8 |  8.0
Shields        | 4 7 11 12 | 12.4
Dodging        | 2 3 4 5 |  5.8
Short Blades   | 1 |  1.6
Stealth        | 1 5 6 |  6.0
Evocations     | 2 6 |  6.0
Long Blades    | |  2.0

Action                   |  1- 3 |  4- 6 |  7- 9 | 10-12 || total
-------------------------+-------+-------+-------+-------++-------
Melee: Long sword        |   106 |   109 |   601 |       ||   816
       Dagger            |       |   172 |   375 |   166 ||   713
 Abil: Heal Wounds       |       |     6 |    19 |     7 ||    32
Evoke: Wand              |       |     4 |       |     9 ||    13
  Use: Scroll            |     6 |     7 |     6 |     2 ||    21
       Potion            |       |     1 |     2 |     4 ||     7
 Stab: Sleeping          |       |     7 |    10 |     3 ||    20
       Invisible         |       |       |       |     7 ||     7
  Eat: Chunk             |       |     5 |     7 |     3 ||    15
       Ration            |       |       |     3 |       ||     3
Armor: Scale mail        |    53 |     6 |       |       ||    59
       Ring mail         |       |    82 |   394 |    30 ||   506
Dodge: Dodged            |    47 |   128 |   392 |    53 ||   620
Block: Shield            |    75 |   154 |   443 |    66 ||   738
       Rpst.: Long sword |    17 |    19 |    87 |       ||   123
